 Dungeon Crawl Stone Soup version 0.17-a0-1863-g715b4b0 (webtiles) character file.

28 Hock the Charmwright (level 2, -4/19 HPs)
             Began as a High Elf Skald on Sept 20, 2015.
             Slain by a gnoll
             ... wielding a +0 whip
              (5 damage)
             ... on level 2 of the Dungeon.
             The game lasted 00:07:59 (1867 turns).

Hock the Charmwright (High Elf Skald)               Turns: 1867, Time: 00:07:59

Health: -4/19      AC:  6    Str: 11    XL:     2   Next: 96%
Magic:  6/6        EV:  9    Int: 15    God:
Gold:   60         SH:  0    Dex: 14    Spells: 1 memorised, 5 levels left

rFire  . . .     SeeInvis .     j - +2 short sword (speed)
rCold  . . .     Clarity  .     k - +0 scale mail
rNeg   . . .     SustAt   .     (no shield)
rPois  .         Gourm    .     (no helmet)
rElec  .         Spirit   .     (no cloak)
rCorr  .         Warding  .     (no gloves)
rMut   .         Stasis   .     (no boots)
MR     .....                    (no amulet)
Stlth  ..........               (no ring)
                                (no ring)

@: not resistant to hostile enchantments, extremely unstealthy
A: no striking features
a: no special abilities


You were on level 2 of the Dungeon.
You were not hungry.

You visited 1 branch of the dungeon, and saw 2 of its levels.

You collected 60 gold pieces.

Inventory:

Hand weapons
 a - a +0 short sword
 j - a +2 short sword of speed (weapon)
Armour
 b - a +0 leather armour
 e - a +0 ring mail
 k - a +0 scale mail (worn)
 p - a +0 scale mail
 t - a +2 pair of boots
Jewellery
 l - an uncursed ring of positive energy {unknown}
Scrolls
 h - a scroll of immolation {unknown}
 m - 2 scrolls of teleportation {unknown}
 s - a scroll of fog {unknown}
Potions
 g - 2 potions of lignification {unknown}
 i - a potion of agility
 n - a potion of might {unknown}
 o - a potion of brilliance {unknown}
 q - a potion of ambrosia {unknown}
Books
 c - a book of Battle

   Spells                             Type                      Level
   a - Infusion                       Charms                       1
   b - Shroud of Golubria             Charms/Translocation         2
   c - Song of Slaying                Charms                       2
   d - Spectral Weapon                Hexes/Charms                 3
   e - Regeneration                   Charms/Necromancy            3
Comestibles
 d - a bread ration
 f - a meat ration
 r - a beef jerky


   Skills:
 + Level 2.1 Fighting
 + Level 2.7 Short Blades
 + Level 1.4 Armour
 + Level 1.3 Dodging
 + Level 2.5 Spellcasting
 + Level 4.2 Charms


You had 5 spell levels left.
You knew the following spells:

 Your Spells              Type           Power        Failure   Level  Hunger
a - Infusion              Chrm           ##....       24%         1    #......


Dungeon Overview and Level Annotations

Branches:
Dungeon (2/15)

Altars:


Message History

The kobold hits you but does no damage.
You closely miss the gnoll.
The gnoll is heavily wounded.
The gnoll hits you but does no damage. x2
The gnoll hits you with an enchanted flail!
The kobold misses you.
Your scale mail prevents you from hitting the gnoll.
The gnoll is heavily wounded.
The gnoll hits you from afar with a spear.
* * * LOW HITPOINT WARNING * * *
You hit the gnoll.
The gnoll is heavily wounded.
The gnoll hits you but does no damage. The kobold hits you but does no damage.
The gnoll hits you but does no damage.
You barely miss the gnoll.
The gnoll is heavily wounded.
The gnoll hits you from afar with a spear.
* * * LOW HITPOINT WARNING * * *
The gnoll hits you with a whip.
You die...

.# ...# .# ########...##
.# #...........# .#####
#.........).#
.....#######...........#
...>.......>...........+
.....#######.....g.....#
..#'## #....gK.....#
..#.# #....@g.....#
..#.# #...........#
..#.# #....$......#
..#.# #...........#
..#.########...........#
..#............#########
###...............
#............#
#............###


You could see 3 gnolls and a kobold.

Vanquished Creatures
  3 giant geckos
  3 bats (D:1)
  2 goblins (D:1)
  3 hobgoblins (D:1)
  A ball python (D:1)
  2 giant newts (D:1)
  3 jackals (D:1)
  5 kobolds (D:1)
  3 rats
25 creatures vanquished.

Notes
Turn   | Place    | Note
--------------------------------------------------------------
     0 | D:1      | Hock the High Elf Skald began the quest for the Orb.
     0 | D:1      | Reached XP level 1. HP: 14/14 MP: 4/4
    51 | D:1      | Reached skill level 1 in Armour
   581 | D:1      | Reached XP level 2. HP: 8/19 MP: 6/6
   712 | D:1      | Reached skill level 4 in Charms
  1867 | D:2      | Slain by a gnoll

Vault maps used:
D:1:      minmay_arrival_solitary_statue, minmay_bisected
D:2:      kennysheep_the_goblin_king, kiku_gazebo_garden_becter

Action                   || total
-------------------------++-------
Melee: Short sword       ||   112
  Eat: Bread ration      ||     1
